 Dungeon Crawl Stone Soup version 0.31-a0-167-g1c394c0614 (webtiles) character file.

Game seed: 15435565023167272361

7513 qw the Cleaver (level 11, 0/68 HPs)
             Began as a Gargoyle Fighter on June 13, 2023.
             Was an Elder of Okawaru.
             Slain by a seven-headed hydra (4 damage)
             ... on level 1 of the Lair of Beasts.
             The game lasted 00:04:26 (9434 turns).

qw the Cleaver (Gargoyle Fighter)                   Turns: 9434, Time: 00:04:27

Health: 0/68       AC: 29    Str: 25    XL:     11   Next: 16%
Magic:  14/15      EV:  9    Int:  8    God:    Okawaru [****..]
Gold:   730        SH: 11    Dex:  9    Spells: 10/10 levels left

rFire   . . .        h - +2 morningstar
rCold   . . .        c - +0 buckler
rNeg    + . .        n - +0 plate armour
rPois   inf          g - +1 helmet
rElec   +            (no cloak)
rCorr   .            k - +0 pair of gloves
SInv    .            r - +0 pair of boots
Will    +....        f - amulet of reflection Stlth
                     s - ring of willpower
HPRegen 0.31/turn    (no ring)
MPRegen 0.14/turn

%: reflection
@: heroic
A: sickness immunity, AC +8, negative energy resistance 1, electricity
resistance, torment resistance 1, petrification resistance
a: Renounce Religion, Heroism, Finesse


You were on level 1 of the Lair of Beasts.
You worshipped Okawaru.
Okawaru was greatly pleased with you.
You visited 2 branches of the dungeon, and saw 11 of its levels.

You collected 1352 gold pieces.
You spent 622 gold pieces at shops.


Innate Abilities, Weirdness & Mutations

You are immune to sickness and miasma.
Your stone body is resilient. (AC +8)
You are immune to poison.
You resist negative energy. (rN+)
You are resistant to electric shocks. (rElec)
You are resistant to unholy torment.
You are immune to petrification.


   Skills:
 - Level 8.2(13.2) Fighting
 - Level 11.0(16.0) Axes
 - Level 1.5(6.5) Throwing
 + Level 7.7(12.7) Armour
 - Level 1.7(6.7) Dodging
 - Level 5.1(10.1) Shields
 + Level 6.4 Invocations


You had 10 spell levels left.
You didn't know any spells.
Your spell library was empty.

Inventory:

Hand Weapons
 h - a +2 morningstar (weapon)
 Y - a +2 broad axe of freezing
Armour
 c - a +0 buckler (worn)
 g - a +1 helmet (worn)
 k - a +0 pair of gloves (worn)
 n - a +0 plate armour (worn)
 p - +0 acid dragon scales
 r - a +0 pair of boots (worn)
Jewellery
 f - an amulet of reflection (around neck)
 s - a ring of willpower (left hand)
Wands
 o - a wand of digging (6)
Scrolls
 a - 8 scrolls of identify
Potions
 b - 3 potions of lignification
 d - a potion of might
 i - 6 potions of curing
 j - 2 potions of haste
 q - 3 potions of cancellation
 t - a potion of magic

Dungeon Overview and Level Annotations

Branches:
Dungeon (10/15)            Temple (0/1) D:5            Lair (1/5) D:8
    Orc: D:9-12

Altars:
Ashenzari
Elyvilon
Hepliaklqana
Kikubaaqudgha
Makhleb
Nemelex Xobeh
Okawaru
Sif Muna
Trog
Vehumet
Wu Jian
Zin
The Shining One

Shops:
D:7 !   D:8 !

Annotations:
D:3 exclusion: 2 kobolds
Lair:1 Fannar


Message History

The seven-headed hydra is heavily wounded.
The seven-headed hydra barely misses you.
The seven-headed hydra closely misses you.
The seven-headed hydra bites you!
The seven-headed hydra bites you but does no damage. x4
You hit the seven-headed hydra.
The seven-headed hydra is heavily wounded.
The seven-headed hydra bites you.
You block the seven-headed hydra's attack. x2
The seven-headed hydra bites you but does no damage.
The seven-headed hydra bites you.
The seven-headed hydra bites you but does no damage.
The seven-headed hydra bites you!
9431 ||| DRINKING potion of heal wounds.
You feel much better.
The seven-headed hydra bites you but does no damage. x3
You block the seven-headed hydra's attack.
The seven-headed hydra bites you but does no damage.
You block the seven-headed hydra's attack.
The seven-headed hydra closely misses you.
You puncture the seven-headed hydra!
The seven-headed hydra is heavily wounded.
The seven-headed hydra misses you. The seven-headed hydra bites you.
The seven-headed hydra bites you but does no damage.
You block the seven-headed hydra's attack.
The seven-headed hydra bites you but does no damage.
You block the seven-headed hydra's attack. x2
You completely miss the seven-headed hydra.
The seven-headed hydra is heavily wounded.
The seven-headed hydra bites you! The seven-headed hydra bites you.
The seven-headed hydra bites you but does no damage. x2
The seven-headed hydra bites you.
You block the seven-headed hydra's attack. x2
You hit the seven-headed hydra.
The seven-headed hydra is heavily wounded.
You block the seven-headed hydra's attack.
The seven-headed hydra bites you but does no damage.
You block the seven-headed hydra's attack.
The seven-headed hydra bites you.
You die...

########P.
#..Y......
#..D..e.........
#@# ....# ###
#...# #..##
#..P#
#..P###...####
..............
.........YD...
#Y.# #..### #..#
#..# # #e.#
##..#


You could see Fannar, a seven-headed hydra and an ice beast (summoned).

Vanquished Creatures
  Pikel (D:7)
  A cane toad (Lair:1)
  Maggie (D:6)
  Grinder (D:6)
  11 yaks (Lair:1)
  2 wyverns
  A wraith (D:8)
  A steam dragon (D:7)
  2 vampire mosquitoes (D:10)
  Menkaure (D:7)
  Edmund (D:6)
  3 water moccasins (Lair:1)
  An orc warrior (D:5)
  A sky beast (D:6)
  5 ogres
  2 centaurs
  2 kobold brigands
  11 bullfrogs
  3 scorpions
  2 gnoll sergeants
  8 wights (D:7)
  4 killer bees (D:9)
  A howler monkey (D:7)
  4 jellies
  2 orc priests
  A gnoll bouda (D:7)
  3 hounds
  4 iguanas
  3 sleepcaps
  4 orc wizards (D:5)
  9 adders
  13 gnolls
  An ufetubus (D:4)
  2 dart slugs
  2 worms
  17 orcs
  6 endoplasms
  2 giant cockroaches
  10 hobgoblins
  2 jackals (D:1)
  4 quokkas
  5 ball pythons
  A bat (D:1)
  4 frilled lizards
  4 goblins
  16 kobolds
  3 rats
188 creatures vanquished.

Notes
Turn   | Place    | Note
-------+----------+-------------------------------------------
     0 | D:1      | qw the Gargoyle Fighter began the quest for the Orb.
     0 | D:1      | Reached XP level 1. HP: 14/14 MP: 1/1
     0 | D:1      | 0 ||| qw: Version: 0.2-a-29-gc1b59c4
     0 | D:1      | 0 ||| qw: Game counter: 4858
     0 | D:1      | 0 ||| qw: Always use a shield: true
     0 | D:1      | 0 ||| qw: God list: Okawaru
     0 | D:1      | 0 ||| qw: Allow faded altars: false
     0 | D:1      | 0 ||| qw: Do Orc after D:15 true
     0 | D:1      | 0 ||| qw: Do second Lair branch before Depths: true
     0 | D:1      | 0 ||| qw: Lair rune preference: random
     0 | D:1      | 0 ||| qw: Plans: Normal, Zot:1-4, Slime:5, God:TSO, Crypt,
                  | Tomb, Abyss, Pan, Hells, Win
     0 | D:1      | 0 ||| PLANNING D:1-11
   122 | D:1      | Reached skill level 2 in Axes
   409 | D:1      | Reached XP level 2. HP: 17/19 MP: 2/2
   806 | D:1      | 806 ||| READING scroll labelled WUISACR YMEOR.
   807 | D:1      | 807 ||| READING 2 scrolls labelled WOOMPAS BOFEKU.
   808 | D:1      | 808 ||| READING 3 scrolls labelled HINLODWUOR.
   809 | D:1      | 809 ||| DROPPING 2 scrolls of noise.
   825 | D:2      | 825 ||| STAIRDANCE
   969 | D:2      | Reached skill level 3 in Axes
  1029 | D:2      | Reached XP level 3. HP: 23/23 MP: 3/3
  1329 | D:2      | Found a faded altar of an unknown god.
  1508 | D:2      | 1508 ||| DROPPING +0 club.
  1661 | D:2      | 1661 ||| UPGRADING to +0 helmet.
  1666 | D:2      | 1666 ||| READING scroll of enchant armour.
  1666 | D:2      | 1666 ||| ENCHANTING +0 helmet.
  1667 | D:2      | 1667 ||| READING scroll labelled WILLIO YTERYNK.
  1699 | D:3      | 1699 ||| Stepping ~*~*~tactically~*~*~ (stealth).
  1772 | D:3      | Found a bloodstained altar of Trog.
  1787 | D:3      | 1787 ||| READING scroll labelled NERUDA ICHIWUSH.
  1869 | D:3      | Found an iron altar of Okawaru.
  1870 | D:3      | 1870 ||| PLANNING OKAWARU WORSHIP
  1888 | D:3      | 1888 ||| Stepping ~*~*~tactically~*~*~ (stealth).
  1891 | D:3      | Became a worshipper of Warmaster Okawaru
  1891 | D:3      | 1891 ||| PLANNING D:1-11
  2000 | D:3      | Found a shimmering blue altar of Sif Muna.
  2155 | D:3      | 2155 ||| DROPPING +0 whip.
  2231 | D:3      | 2231 ||| READING scroll of enchant weapon.
  2231 | D:3      | 2231 ||| ENCHANTING +1 war axe.
  2569 | D:3      | 2569 ||| READING scroll labelled TONNUNG DUKOI.
  2697 | D:4      | Noticed a scorpion
  2710 | D:4      | Killed a scorpion
  2711 | D:4      | Reached skill level 4 in Axes
  2711 | D:4      | Reached XP level 4. HP: 28/28 MP: 4/4
  2743 | D:4      | Identified the +3 ring mail of Zips {Str+3 Int+3 Dex-4
                  | Slay+2}
  2748 | D:4      | 2748 ||| Stepping ~*~*~tactically~*~*~ (stealth).
  2749 | D:4      | 2749 ||| Stepping ~*~*~tactically~*~*~ (stealth).
  2750 | D:4      | 2750 ||| Stepping ~*~*~tactically~*~*~ (stealth).
  2777 | D:4      | Reached XP level 5. HP: 32/32 MP: 5/5
  2804 | D:4      | Reached * piety under Okawaru
  2966 | D:4      | Reached skill level 5 in Axes
  2966 | D:4      | Reached skill level 1 in Invocations
  2992 | D:4      | 2992 ||| Stepping ~*~*~tactically~*~*~ (stealth).
  2993 | D:4      | 2993 ||| Stepping ~*~*~tactically~*~*~ (stealth).
  3023 | D:4      | Noticed a wyvern
  3033 | D:4      | 3033 ||| INVOKING Heroism.
  3034 | D:4      | Killed a wyvern
  3035 | D:4      | Reached XP level 6. HP: 13/40 MP: 3/6
  3155 | D:4      | Found a burning altar of Makhleb.
  3155 | D:4      | Noticed an Executioner
  3255 | D:4      | Found a hazy altar of Hepliaklqana.
  3326 | D:4      | 3326 ||| Stepping ~*~*~tactically~*~*~ (hiding).
  3327 | D:4      | 3327 ||| Stepping ~*~*~tactically~*~*~ (stealth).
  3365 | D:4      | 3365 ||| Stepping ~*~*~tactically~*~*~ (stealth).
  3442 | D:4      | 3442 ||| UPGRADING to +3 ring mail of Zips {Str+3 Int+3
                  | Dex-4 Slay+2}.
  3452 | D:4      | 3452 ||| DROPPING +0 scale mail.
  3453 | D:4      | 3453 ||| UPGRADING to +0 plate armour.
  3463 | D:4      | 3463 ||| DROPPING +3 ring mail of Zips {Str+3 Int+3 Dex-4
                  | Slay+2}.
  3464 | D:4      | 3464 ||| READING scroll labelled HAODGH GUAV.
  3465 | D:4      | 3465 ||| READING scroll labelled DAHYNY TAHE.
  3466 | D:4      | 3466 ||| DRINKING 2 green potions.
  3467 | D:4      | 3467 ||| READING 6 scrolls of identify.
  3467 | D:4      | 3467 ||| IDENTIFYING golden potion
  3468 | D:4      | 3468 ||| READING 5 scrolls of identify.
  3468 | D:4      | 3468 ||| IDENTIFYING sapphire potion
  3469 | D:4      | 3469 ||| DROPPING potion of degeneration.
  3470 | D:4      | 3470 ||| DROPPING potion of berserk rage.
  3493 | D:5      | Entered Level 5 of the Dungeon
  3498 | D:5      | 3498 ||| INVOKING Heroism.
  3499 | D:5      | 3499 ||| INVOKING Heroism.
  3629 | D:5      | 3629 ||| INVOKING Heroism.
  3635 | D:5      | HP: 3/40 [ogre/+0 giant spiked club (18)]
  3636 | D:5      | 3636 ||| READING 2 scrolls of teleportation.
  3639 | D:5      | Reached XP level 7. HP: 2/44 MP: 6/8
  3850 | D:5      | Reached skill level 3 in Invocations
  3864 | D:5      | Found a staircase to the Ecumenical Temple.
  3910 | D:5      | 3910 ||| Stepping ~*~*~tactically~*~*~ (stealth).
  3980 | D:5      | 3980 ||| DROPPING +0 mace.
  3997 | D:5      | 3997 ||| STAIRDANCE
  3998 | D:4      | Found an ornate altar of the Wu Jian Council.
  3998 | D:4      | Found an ancient bone altar of Kikubaaqudgha.
  4087 | D:5      | 4087 ||| INVOKING Heroism.
  4089 | D:5      | 4089 ||| Stepping ~*~*~tactically~*~*~ (hiding).
  4100 | D:5      | 4100 ||| DRINKING potion of curing.
  4100 | D:5      | 4100 ||| (to cure confusion)
  4107 | D:5      | 4107 ||| INVOKING Heroism.
  4110 | D:5      | Reached skill level 6 in Axes
  4151 | D:5      | 4151 ||| Stepping ~*~*~tactically~*~*~ (stealth).
  4155 | D:5      | 4155 ||| Stepping ~*~*~tactically~*~*~ (hiding).
  4181 | D:5      | 4181 ||| FLEEEEING.
  4184 | D:5      | 4184 ||| FLEEEEING.
  4185 | D:5      | 4185 ||| FLEEEEING.
  4187 | D:5      | 4187 ||| FLEEEEING.
  4188 | D:5      | 4188 ||| FLEEEEING.
  4189 | D:5      | 4189 ||| FLEEEEING.
  4190 | D:5      | 4190 ||| FLEEEEING.
  4191 | D:5      | 4191 ||| FLEEEEING.
  4192 | D:5      | 4192 ||| FLEEEEING.
  4193 | D:5      | 4193 ||| FLEEEEING.
  4194 | D:5      | 4194 ||| FLEEEEING.
  4198 | D:5      | 4198 ||| FLEEEEING.
  4199 | D:5      | 4199 ||| FLEEEEING.
  4200 | D:5      | 4200 ||| FLEEEEING.
  4201 | D:5      | 4201 ||| FLEEEEING.
  4202 | D:5      | 4202 ||| FLEEEEING.
  4209 | D:5      | 4209 ||| STAIRDANCE
  4369 | D:5      | Reached XP level 8. HP: 49/49 MP: 11/11
  4451 | D:5      | Identified the +7 sling of Zegaotor {elec, Dex+3}
  4459 | D:5      | Found a sparkling altar of Nemelex Xobeh.
  4460 | D:5      | 4460 ||| INVOKING Heroism.
  4635 | D:5      | 4635 ||| Stepping ~*~*~tactically~*~*~ (stealth).
  4764 | D:6      | Found a broken altar of Ashenzari.
  4812 | D:6      | Reached skill level 7 in Axes
  4841 | D:6      | Reached ** piety under Okawaru
  4842 | D:6      | Reached skill level 1 in Dodging
  4871 | D:6      | Reached skill level 1 in Throwing
  4910 | D:6      | 4910 ||| INVOKING Heroism.
  5003 | D:6      | 5003 ||| INVOKING Heroism.
  5029 | D:6      | Found Zin's Purification Station.
  5032 | D:6      | Found a glowing silver altar of Zin.
  5035 | D:6      | 5035 ||| BUYING 2 potions of curing (180 gold).
  5035 | D:6      | Bought 2 potions of curing for 180 gold pieces
  5043 | D:6      | Noticed Grinder
  5045 | D:6      | 5045 ||| Stepping ~*~*~tactically~*~*~ (hiding).
  5046 | D:6      | 5046 ||| INVOKING Heroism.
  5048 | D:6      | Paralysed by Grinder for 4 turns
  5057 | D:6      | Killed Grinder
  5058 | D:6      | Reached skill level 8 in Axes
  5058 | D:6      | Reached XP level 9. HP: 31/54 MP: 10/12
  5339 | D:6      | Noticed Edmund
  5340 | D:6      | 5340 ||| INVOKING Heroism.
  5341 | D:6      | 5341 ||| Stepping ~*~*~tactically~*~*~ (stealth).
  5348 | D:6      | Killed Edmund
  5351 | D:6      | Reached skill level 6 in Fighting
  5357 | D:6      | 5357 ||| INVOKING Heroism.
  5358 | D:6      | Noticed Maggie
  5359 | D:6      | 5359 ||| Stepping ~*~*~tactically~*~*~ (stealth).
  5360 | D:6      | 5360 ||| Stepping ~*~*~tactically~*~*~ (stealth).
  5377 | D:6      | Killed Maggie
  5429 | D:6      | 5429 ||| SWAPPING to +2 broad axe of freezing.
  5430 | D:6      | 5430 ||| DROPPING +2 war axe.
  5435 | D:6      | 5435 ||| DROPPING +0 flail.
  5563 | D:6      | 5563 ||| DROPPING orb of mayhem.
  5564 | D:6      | 5564 ||| UPGRADING to amulet of reflection.
  5569 | D:6      | 5569 ||| DROPPING amulet of regeneration.
  5570 | D:6      | 5570 ||| READING scroll labelled GYOBIECEHY.
  5571 | D:6      | 5571 ||| DRINKING 2 black potions.
  5572 | D:6      | 5572 ||| READING 5 scrolls of identify.
  5572 | D:6      | 5572 ||| IDENTIFYING white potion
  5598 | D:7      | 5598 ||| Stepping ~*~*~tactically~*~*~ (hiding).
  5600 | D:7      | 5600 ||| Stepping ~*~*~tactically~*~*~ (hiding).
  5602 | D:7      | 5602 ||| Stepping ~*~*~tactically~*~*~ (hiding).
  5603 | D:7      | 5603 ||| INVOKING Heroism.
  5607 | D:7      | Reached skill level 9 in Axes
  5647 | D:7      | 5647 ||| DROPPING +0 heavy flail.
  5675 | D:7      | Found a white marble altar of Elyvilon.
  5702 | D:7      | 5702 ||| INVOKING Heroism.
  6089 | D:7      | Noticed Pikel
  6090 | D:7      | 6090 ||| INVOKING Heroism.
  6098 | D:7      | Killed Pikel
  6098 | D:7      | Reached *** piety under Okawaru
  6099 | D:7      | Reached XP level 10. HP: 43/64 MP: 11/13
  6236 | D:7      | Found Idium's Distillery.
  6260 | D:7      | 6260 ||| BUYING 2 potions of heal wounds (140 gold).
  6260 | D:7      | Bought 2 potions of heal wounds for 140 gold pieces
  6260 | D:7      | 6260 ||| SHOPLISTING potion of cancellation (112 gold, have
                  | 64).
  6260 | D:7      | 6260 ||| BUYING potion of curing (42 gold).
  6260 | D:7      | Bought a potion of curing for 42 gold pieces
  6260 | D:7      | 6260 ||| SHOPLISTING potion of curing (42 gold, have 22).
  6260 | D:7      | 6260 ||| SHOPLISTING potion of heal wounds (70 gold, have
                  | 22).
  6260 | D:7      | 6260 ||| SHOPLISTING potion of lignification (42 gold, have
                  | 22).
  6260 | D:7      | 6260 ||| SHOPLISTING potion of mutation (112 gold, have
                  | 22).
  6286 | D:7      | 6286 ||| INVOKING Heroism.
  6290 | D:7      | Reached skill level 6 in Armour
  6426 | D:7      | 6426 ||| INVOKING Heroism.
  6483 | D:7      | Noticed Menkaure
  6484 | D:7      | 6484 ||| INVOKING Heroism.
  6487 | D:7      | Killed Menkaure
  7018 | D:7      | Found a glowing golden altar of the Shining One.
  7120 | D:7      | 7120 ||| READING scroll labelled EMEAKIYHYI.
  7120 | D:7      | Identified a scroll of acquirement
  7120 | D:7      | 7120 ||| ACQUIRING 822 gold pieces
  7120 | D:7      | Acquired 822 gold pieces
  7122 | D:7      | 7122 ||| READING scroll labelled TELYRGHANOS.
  7123 | D:7      | 7123 ||| DRINKING 2 bubbling silvery potions.
  7223 | D:8      | Found a staircase to the Lair.
  7390 | D:8      | 7390 ||| Stepping ~*~*~tactically~*~*~ (hiding).
  7579 | D:8      | 7579 ||| Stepping ~*~*~tactically~*~*~ (hiding).
  7580 | D:8      | 7580 ||| Stepping ~*~*~tactically~*~*~ (hiding).
  7872 | D:8      | Found Ehonauja's Distillery.
  7878 | D:8      | You fall into a shaft and drop 2 floors!
  7878 | D:10     | Entered Level 10 of the Dungeon
  7944 | D:10     | Found a radiant altar of Vehumet.
  7984 | D:10     | 7984 ||| Stepping ~*~*~tactically~*~*~ (hiding).
  7994 | D:10     | Reached skill level 10 in Axes
  8007 | D:10     | 8007 ||| INVOKING Heroism.
  8086 | D:10     | 8086 ||| UPGRADING to +0 pair of gloves.
  8091 | D:10     | 8091 ||| UPGRADING to +0 pair of boots.
  8441 | D:8      | 8441 ||| BUYING potion of curing (39 gold).
  8441 | D:8      | Bought a potion of curing for 39 gold pieces
  8441 | D:8      | 8441 ||| BUYING potion of curing (39 gold).
  8441 | D:8      | Bought a potion of curing for 39 gold pieces
  8441 | D:8      | 8441 ||| BUYING potion of curing (39 gold).
  8441 | D:8      | Bought a potion of curing for 39 gold pieces
  8441 | D:8      | 8441 ||| BUYING potion of lignification (39 gold).
  8441 | D:8      | Bought a potion of lignification for 39 gold pieces
  8441 | D:8      | 8441 ||| BUYING potion of magic (104 gold).
  8441 | D:8      | Bought a potion of magic for 104 gold pieces
  8704 | D:8      | 8704 ||| PLANNING LAIR
  8704 | D:8      | 8704 ||| UPGRADING to ring of willpower.
  8771 | Lair:1   | Entered Level 1 of the Lair of Beasts
  8794 | Lair:1   | Reached **** piety under Okawaru
  8890 | Lair:1   | Noticed Fannar
  8897 | Lair:1   | 8897 ||| INVOKING Heroism.
  8902 | Lair:1   | HP: 7/64 [Fannar/+0 quarterstaff of freezing (33)]
  8903 | Lair:1   | 8903 ||| READING 2 scrolls of teleportation.
  8904 | Lair:1   | 8904 ||| DRINKING 3 potions of heal wounds.
  9077 | Lair:1   | Noticed a cane toad
  9104 | Lair:1   | 9104 ||| INVOKING Heroism.
  9106 | Lair:1   | 9106 ||| Stepping ~*~*~tactically~*~*~ (stealth).
  9112 | Lair:1   | Killed a cane toad
  9113 | Lair:1   | Reached XP level 11. HP: 68/68 MP: 12/15
  9117 | Lair:1   | Reached skill level 11 in Axes
  9229 | Lair:1   | Reached skill level 6 in Invocations
  9362 | Lair:1   | 9362 ||| Stepping ~*~*~tactically~*~*~ (stealth).
  9365 | Lair:1   | 9365 ||| Stepping ~*~*~tactically~*~*~ (hiding).
  9366 | Lair:1   | 9366 ||| INVOKING Heroism.
  9377 | Lair:1   | Noticed a seven-headed hydra
  9381 | Lair:1   | 9381 ||| INVOKING Heroism.
  9385 | Lair:1   | 9385 ||| SWAPPING to +2 morningstar.
  9391 | Lair:1   | HP: 12/68 [seven-headed hydra (6)]
  9392 | Lair:1   | 9392 ||| READING scroll of teleportation.
  9392 | Lair:1   | HP: 4/68 [seven-headed hydra (8)]
  9393 | Lair:1   | 9393 ||| DRINKING 2 potions of heal wounds.
  9397 | Lair:1   | 9397 ||| SWAPPING to +2 broad axe of freezing.
  9421 | Lair:1   | 9421 ||| INVOKING Heroism.
  9427 | Lair:1   | 9427 ||| SWAPPING to +2 morningstar.
  9430 | Lair:1   | HP: 16/68 [seven-headed hydra (3)]
  9430 | Lair:1   | HP: 5/68 [seven-headed hydra (11)]
  9431 | Lair:1   | 9431 ||| DRINKING potion of heal wounds.
  9434 | Lair:1   | Slain by a seven-headed hydra

Levels and vault maps discovered:
D:1:      giann_bridges, layout_loops_corners
D:2:      layout_loops_ring, shapermc_ecumenical_altar_flowoftime,
          minmay_misc_feat_plants
D:3:      layout_basic, mainiacjoe_overflow_brackets, overflow_temple_1_default,
          led_sif_pool, serial_glass, glass_columns_b, glass_columns_b,
          chequers_serial_rivers_micro_b
D:4:      kennysheep_big_flooded_room, layout_rooms, makhleb_altar_promises_db,
          lemuel_tele_altar, nicolae_overflow_hidden_temple
D:5:      layout_loops_cross, nemelex_dance_club_becter,
          minmay_temple_entry_drinking_statues, minmay_misc_feat_roman,
          guppyfry_early_orc_mine
D:6:      layout_basic, ashenzari_altar_1, zin_purify, uniq_maggie,
          uniq_grinder, uniq_edmund
D:7:      layout_layer_cave, kennysheep_mini, general_overflow_altar,
          serial_shops, shop, uniq_menkaure, uniq_pikel
D:8:      layout_rooms, lair_entry_dummy, serial_co_window_serial,
          co_window_corner_a, co_window_paths_b, co_window_paths_a,
          co_window_corner_a, co_window_corner_a, co_window_cross_1,
          co_window_paths_a, co_window_corner_a, co_window_corner_a,
          co_window_broadway_c, co_window_2corner, co_window_of_opportunity_b,
          co_window_unsneaky_path_b, co_window_unsneaky_path_a,
          co_window_corner_b, co_window_paths_e, glass_columns_c, serial_shops,
          shop
D:9:      layout_irregular_city, kennysheep_orc_monster_closet_entryway
D:10:     layout_layer_cave, nicolae_vehumet_altar_sigil
Lair:1:   layout_small_grid, uniq_fannar

Skill      XL: |  1  2  3  4  5  6  7  8  9 10 11 |
---------------+----------------------------------+-----
Axes           | 2 3 4 5 6 8 9 10 11 | 11.0
Invocations    | 1 2 4 5 6 |  6.4
Fighting       | 5 8 |  8.2
Armour         | 4 5 7 |  7.7
Dodging        | 1 |  1.7
Throwing       | 1 |  1.5
Shields        | 4 5 |  5.1

Action                     |  1- 3 |  4- 6 |  7- 9 | 10-12 || total
---------------------------+-------+-------+-------+-------++-------
  Melee: War axe           |   127 |    76 |   184 |       ||   387
         Broad axe         |       |       |    18 |   187 ||   205
         Morningstar       |       |       |       |    15 ||    15
  Throw: Boomerang         |       |       |    72 |    24 ||    96
 Invoke: Heroism           |       |     3 |    11 |     9 ||    23
    Use: Scroll            |     8 |     5 |     2 |     4 ||    19
         Potion            |       |     1 |     2 |     4 ||     7
   Stab: Distracted        |       |     1 |       |       ||     1
 Armour: Scale mail        |    48 |    25 |       |       ||    73
         Plate armour      |       |     4 |   159 |   176 ||   339
  Dodge: Dodged            |    48 |    28 |    41 |    69 ||   186
  Block: Buckler           |    22 |     9 |    41 |   121 ||   193

Table legend:
 A = Non-vault XP
 B = Vault XP
 C = Vault XP percentage of total XP
 D = Non-vault monster count
 E = Vault monster count
 F = Vault count percentage of total count
                 A         B        C        D         E       F
            +---------+---------+-------+---------+---------+-------
      Total |    8773 |    1961 |  18.3 |     172 |      16 |   8.5
            +---------+---------+-------+---------+---------+-------
        D:1 |      22 |       0 |   0.0 |      14 |       0 |   0.0
        D:2 |      24 |       0 |   0.0 |      13 |       0 |   0.0
        D:3 |      22 |       0 |   0.0 |      11 |       0 |   0.0
        D:4 |     433 |       3 |   0.7 |      20 |       2 |   9.1
        D:5 |     685 |     330 |  32.5 |      23 |       9 |  28.1
        D:6 |    1023 |     815 |  44.3 |      20 |       3 |  13.0
        D:7 |    1316 |     813 |  38.2 |      25 |       2 |   7.4
        D:8 |     677 |       0 |   0.0 |      10 |       0 |   0.0
        D:9 |     394 |       0 |   0.0 |      10 |       0 |   0.0
       D:10 |     484 |       0 |   0.0 |       6 |       0 |   0.0
     Lair:1 |    3693 |       0 |   0.0 |      20 |       0 |   0.0
            +---------+---------+-------+---------+---------+-------
